 Dungeon Crawl Stone Soup version 0.21-a0-552-g593960d (webtiles) character file.

1 M4edhros the Grave Robber (level 1, -6/11 HPs)
             Began as an Octopode Necromancer on Dec 18, 2017.
             Mangled by Natasha (10 damage)
             ... on level 3 of the Dungeon.
             The game lasted 00:00:24 (78 turns).

M4edhros the Grave Robber (Octopode Necromancer)      Turns: 78, Time: 00:00:26

Health: -6/11      AC:  1    Str:  7    XL:     1   Next: 20%
Magic:  3/3        EV: 13    Int: 17    God:
Gold:   0          SH:  0    Dex: 12    Spells: 3/4 levels left

rFire    . . .     SeeInvis .   (no weapon)
rCold    . . .     Gourm    .   (no shield)
rNeg     . . .     Faith    .   (helmet restricted)
rPois    .         Spirit   .   (no amulet)
rElec    .         Reflect  .   (no ring)
rCorr    .         Harm     .   (no ring)
MR       .....                  (no ring)
Stlth    +++.......             (no ring)
HPRegen  0.03/turn              (no ring)
MPRegen  0.08/turn              (no ring)
                                (no ring)
                                (no ring)

@: flying
A: almost no armour, stealthy swim, amphibious, 8 rings, constrict 8, camouflage
1, gelatinous body 1
a: no special abilities


You were on level 3 of the Dungeon.
You were not hungry.

You visited 1 branch of the dungeon, and saw 3 of its levels.

Inventory:

Books
 a - a book of Necromancy

   Spells                             Type                      Level
   a - Pain                           Necromancy                   1
   b - Animate Skeleton               Necromancy                   1
   c - Vampiric Draining              Necromancy                   3
   d - Regeneration                   Charms/Necromancy            3
   e - Animate Dead                   Necromancy                   4
   f - Control Undead                 Necromancy                   4
Comestibles
 b - a bread ration


   Skills:
 - Level 2.0 Dodging
 - Level 2.6 Stealth
 + Level 0.4 Unarmed Combat
 - Level 2.0 Spellcasting
 - Level 4.0 Necromancy


You had 3 spell levels left.
You knew the following spells:

 Your Spells              Type           Power        Failure   Level  Hunger
a - Pain                  Necr           ###.         3%          1    #......


Dungeon Overview and Level Annotations

Branches:
Dungeon (3/15)

Altars:

Annotations:
D:3 Natasha


Innate Abilities, Weirdness & Mutations

You cannot wear most types of armour.
You are very stealthy in the water. (Stealth+)
You are amphibious.
You can wear up to eight rings at the same time.
You can use your tentacles to constrict eight enemies at once.
Your skin changes colour to match your surroundings (Stealth+).
Your rubbery body absorbs attacks. (AC +1, EV +1)


Message History

You climb downwards.
You hear the sound of rushing water.
There is an entrance to a sewer on this level.
Hurry and find it before the portal rusts away!
A bat, a kobold and Natasha come into view.
Found a fizzy dark potion and a meat ration.
There is a stone staircase leading up here.
You aren't carrying any potions.
Natasha hisses angrily.
The kobold shouts!
The bat hits you.
A rat and a giant cockroach come into view.
The bat closely misses you.
You see here a fizzy dark potion.
c - a fizzy dark potion The bat barely misses you.
Natasha claws you.
Ouch! That really hurt!
It was a potion of flight.
You feel very buoyant.
You fly up into the air.
The bat closely misses you. Natasha claws you!
Ouch! That really hurt!
You die...

....sr. .....#.
#..... #....#
#....#####
###....#...
##...b....#
...##...@.##
#.......h..#
#.......K#.#
#......<.#..#
...###........#
. ..........#
###.....K..#
######.... #...


You could see Natasha, a giant cockroach (sleeping), a bat, a kobold and a rat
(sleeping).

Vanquished Creatures
  A bat (D:2)
  A rat (D:1)
2 creatures vanquished.

Notes
Turn   | Place    | Note
-------+----------+-------------------------------------------
     0 | D:1      | M4edhros the Octopode Necromancer began the quest for the Orb.
     0 | D:1      | Reached XP level 1. HP: 11/11 MP: 3/3
    73 | D:3      | Noticed Natasha
    78 | D:3      | Mangled by Natasha

Vault maps used:
D:1:      tarquinn_simple_flora_water_d
D:2:      wad_pebble_path, grunt_temple_overflow_open, first_bread
D:3:      cheibrodos_sewer_entry_sluice, uniq_jessica, uniq_natasha,
          uniq_grinder, uniq_sigmund, uniq_ijyb, uniq_crazy_yiuf_cottage

Action                   || total
-------------------------++-------
Melee: Unarmed           ||     2
       Tentacles         ||     2
  Use: Potion            ||     1
 Stab: Sleeping          ||     2
Dodge: Dodged            ||     3

Table legend:
 A = Spawn XP
 B = Non-spawn XP
 C = Spawn XP percentage of total XP
 D = Spawn monster count
 E = Non-spawn monster count
 F = Spawn count percentage of total count
 G = Total turns spent on level
                    A         B        C        D         E        F      G
               +---------+---------+-------+---------+---------+-------+---------
         Total |       0 |       2 |   0.0 |       0 |       2 |   0.0 |    78
               +---------+---------+-------+---------+---------+-------+---------
           D:1 |       0 |       1 |   0.0 |       0 |       1 |   0.0 |    29
           D:2 |       0 |       1 |   0.0 |       0 |       1 |   0.0 |    44
               +---------+---------+-------+---------+---------+-------+---------
